Map: Ruins of Seras

Players

TheChemist - Winner!

  • Race: Zerg Zerg
  • League: Bronze

TheDoctor - Winner!

  • Race: Zerg Zerg

HoLeeFuk

  • Race: Protoss Protoss
  • League: Grandmaster

Zbrozło

  • Race: Protoss Protoss
  • League: Grandmaster

VOD

Have the link to the VOD?

Description

Time

  • Played on: Sept. 25, 2015, 2:07 p.m.
  • Length: 16:40
Show
View Real Time Build Order
Export as new Build Order

TheChemist Zerg - Winner!

Build Orders: Pool First 

Get SALT Encoding   

  12  0:01  Drone  
  13  0:08  Drone  
  14  0:17  Overlord  
  14  0:36  Drone x3  
  14  0:38  Extractor  
  16  0:50  Spawning Pool  
  16  0:53  Drone  
  16  0:58  Drone  
  17  1:09  Drone  
  18  1:20  Drone  
  19  1:30  Drone  
  20  1:42  Zergling x2  
  21  1:55  Zergling x2  
  21  1:56  Metabolic Boost  
  22  2:05  Hatchery  
  21  2:09  Zergling x2  
  22  2:15  Overlord  
  22  2:33  Queen  
  22  2:35  Zergling x4  
  22  2:37  Roach Warren  
  25  2:45  Drone  
  27  2:58  Drone  
  26  3:12  Zergling x2  
  25  3:16  Queen  
  25  3:18  Drone  
  28  3:25  Zergling x2  
  29  3:28  Lair  
  29  3:30  Zergling x2  
  30  3:37  Extractor  
  30  3:38  Drone  
  30  3:39  Drone  
  31  3:43  Zergling x2  
  31  3:46  Zergling x6  
  31  3:47  Overlord  
  35  3:52  Overlord  
  35  4:00  Overlord  
  35  4:05  Queen  
  37  4:11  Drone, Spore Crawler  
  37  4:14  Spore Crawler  
  34  4:37  Drone x2  
  34  4:39  Drone x3  
  34  4:42  Drone x2  
  34  4:43  Hydralisk Den  
  38  4:52  Drone  
  39  5:08  Drone  
  39  5:09  Drone x4  
  40  5:16  Hydralisk x3  
  40  5:17  Hydralisk x2  
  40  5:18  Hydralisk  
  40  5:21  Drone  
  52  5:23  Drone  
  52  5:26  Extractor  
  52  5:27  Extractor  
  52  5:28  Drone  
  52  5:33  Hydralisk  
  52  5:35  Hydralisk  
  56  5:49  Drone  
  57  5:50  Drone x3  
  60  6:04  Overlord x2  
  60  6:11  Overlord x2  
  60  6:12  Overlord x2  
  60  6:17  Muscular Augments  
  60  6:22  Drone  
  60  6:24  Evolution Chamber, Drone  
  60  6:25  Evolution Chamber  
  60  6:29  Drone x2  
  62  6:37  Hydralisk  
  62  6:38  Hydralisk x2  
  68  6:46  Roach x2  
  72  6:48  Roach  
  74  6:55  Overseer  
  74  7:02  Roach x4  
  74  7:03  Hydralisk  
  84  7:16  Hydralisk  
  84  7:17  Hydralisk x2  
  90  7:31  Hatchery  
  89  7:38  Zerg Missile Weapons Level 1  
  89  7:58  Ravager x3  
  92  8:31  Zergling x32  
  108  8:42  Overlord x5  
  108  8:43  Overlord  
  108  9:01  Zerg Ground Armor Level 1  
  108  9:04  Queen  
  108  9:06  Drone x3  
  113  9:13  Drone x5  
  113  9:14  Drone x2  
  120  9:20  Drone  
  111  9:32  Glial Reconstitution  
  111  9:33  Unknown  
  111  9:38  Spire  
  106  10:03  Spine Crawler  
  106  10:04  Spine Crawler  
  106  10:05  Drone  
  106  10:06  Drone x11  
  116  10:09  Extractor  
  116  10:11  Spine Crawler, Extractor  
  113  10:15  Spine Crawler  
  112  10:37  Zerg Missile Weapons Level 2  
  112  10:43  Hatchery  
  111  10:53  Corruptor x9  
  123  11:16  Hydralisk x2  
  123  11:17  Hydralisk x2  
  123  11:18  Roach x3  
  129  11:38  Hydralisk x3  
  104  12:11  Roach  
  104  12:12  Roach x6  
  108  12:33  Hydralisk  
  108  12:34  Hydralisk  
  108  12:36  Queen  
  100  12:49  Drone x3  
  101  12:54  Drone, Queen  
  104  13:01  Zergling x2  
  104  13:02  Zergling x6  
  108  13:09  Hatchery  
  108  13:12  Queen  
  105  13:22  Spore Crawler  
  100  13:43  Hydralisk  
  100  13:44  Hydralisk x8  
  100  13:45  Zergling x2  
  100  13:46  Zergling x38  
  138  14:01  Extractor  
  137  14:03  Extractor  
  137  14:04  Overseer  
  136  14:24  Drone  
  135  14:43  Overlord x2  
  135  14:44  Hydralisk x2  
  135  14:45  Hydralisk x5  
  115  15:04  Hydralisk x3  
  112  15:12  Hydralisk  
  112  15:13  Zergling x2  
  112  15:14  Zergling x50  
  111  15:15  Zergling x6  
  120  15:33  Extractor  
  120  15:34  Extractor  
  111  15:44  Drone x4  
  111  15:45  Drone x4  
  119  15:51  Drone  
  119  15:52  Drone x3  
  104  16:04  Zergling x2  
  104  16:05  Hydralisk x2, Zergling x14  
  108  16:14  Hydralisk x2  
  108  16:15  Roach  
Show
View Real Time Build Order
Export as new Build Order

TheDoctor Zerg - Winner!

Build Orders:  

Get SALT Encoding   

  12  0:00  Probe (Chrono Boost)  
  13  0:10  Probe (Chrono Boost)  
  14  0:23  Pylon  
  14  0:25  Probe (Chrono Boost)  
  15  0:36  Assimilator  
  15  0:37  Assimilator  
  15  0:41  Probe (Chrono Boost)  
  16  0:51  Gateway  
  16  0:53  Probe (Chrono Boost)  
  17  1:03  Probe (Chrono Boost)  
  18  1:13  Probe (Chrono Boost)  
  19  1:23  Probe (Chrono Boost)  
  20  1:29  Pylon  
  20  1:32  Probe (Chrono Boost)  
  20  1:37  Pylon  
  21  1:44  Cybernetics Core  
  21  1:50  Probe (Chrono Boost)  
  22  1:56  Zealot  
  24  2:05  Probe (Chrono Boost)  
  25  2:26  Stalker  
  25  2:28  Mothership Core (Chrono Boost)  
  29  2:31  Warp Gate  
  29  2:40  Nexus  
  29  2:45  Pylon  
  29  2:50  Probe (Chrono Boost)  
  30  3:08  Robotics Facility  
  30  3:16  Adept  
  32  3:29  Probe (Chrono Boost)  
  33  3:43  Gateway  
  33  3:45  Gateway  
  33  3:46  Probe (Chrono Boost)  
  34  3:51  Gateway  
  34  3:55  Probe (Chrono Boost), Pylon  
  34  3:58  Probe (Chrono Boost)  
  36  4:06  Forge  
  36  4:10  Probe x2 (Chrono Boost)  
  39  4:17  Observer  
  39  4:21  Probe (Chrono Boost), Zealot  
  42  4:26  Probe (Chrono Boost)  
  41  4:31  Probe (Chrono Boost)  
  38  4:44  Pylon  
  38  4:48  Zealot  
  38  4:52  Zealot  
  35  5:01  Zealot  
  35  5:05  Probe (Chrono Boost)  
  35  5:06  Probe (Chrono Boost)  
  31  5:15  Probe (Chrono Boost)  
  31  5:16  Probe (Chrono Boost)  
  31  5:19  Protoss Ground Weapons Level 1  
  33  5:23  Zealot  
  33  5:28  Probe (Chrono Boost)  
  34  5:29  Probe (Chrono Boost)  
  35  5:39  Probe (Chrono Boost)  
  37  5:43  Probe (Chrono Boost)  
  37  5:48  Sentry x3  
  43  5:53  Probe x2 (Chrono Boost)  
  45  6:03  Probe x2 (Chrono Boost)  
  46  6:09  Stalker  
  48  6:11  Robotics Bay  
  48  6:13  Probe (Chrono Boost)  
  48  6:15  Adept  
  48  6:17  Probe (Chrono Boost)  
  52  6:23  Probe (Chrono Boost), Adept  
  55  6:27  Probe (Chrono Boost)  
  55  6:32  Zealot  
  58  6:35  Probe (Chrono Boost)  
  58  6:37  Probe (Chrono Boost)  
  60  6:43  Extended Thermal Lance  
  64  6:49  Probe (Chrono Boost)  
  64  6:50  Colossus  
  64  6:51  Probe (Chrono Boost)  
  64  6:52  Adept  
  70  7:07  Pylon  
  70  7:13  Pylon  
  70  7:15  Protoss Ground Armor Level 1  
  70  7:21  Assimilator  
  70  7:23  Assimilator  
  70  7:27  Probe (Chrono Boost), Pylon  
  71  7:39  Probe (Chrono Boost)  
  72  7:46  Colossus  
  72  7:48  Probe (Chrono Boost)  
  74  7:51  Probe (Chrono Boost)  
  79  8:03  Probe (Chrono Boost)  
  79  8:04  Probe (Chrono Boost)  
  79  8:05  Adept x2  
  83  8:06  Adept  
  87  8:15  Probe (Chrono Boost)  
  87  8:16  Probe (Chrono Boost)  
  87  8:18  Pylon  
  89  8:20  Pylon  
  89  8:28  Twilight Council  
  89  8:29  Probe x2 (Chrono Boost)  
  91  8:36  Adept  
  91  8:37  Adept x2  
  91  8:38  Adept, Warp Prism  
  101  8:55  Gateway  
  101  8:56  Gateway  
  101  9:03  Pylon  
  101  9:06  Blink  
  101  9:15  Probe (Chrono Boost)  
  101  9:16  Probe (Chrono Boost)  
  103  9:27  Probe (Chrono Boost)  
  103  9:28  Probe (Chrono Boost)  
  103  9:39  Zealot  
  103  9:40  Probe (Chrono Boost), Zealot x2  
  103  9:41  Protoss Ground Weapons Level 2  
  109  9:47  Templar Archives  
  109  9:53  Pylon  
  109  9:57  Pylon  
  109  9:58  Pylon  
  109  10:01  Colossus  
  109  10:07  Nexus  
  115  10:15  Pylon  
  115  10:18  Assimilator  
  115  10:22  Pylon  
  115  10:23  Assimilator  
  115  10:24  Psionic Storm  
  115  10:28  High Templar  
  115  10:29  High Templar  
  115  10:31  Zealot  
  123  10:36  Probe x2 (Chrono Boost)  
  123  10:39  Zealot  
  125  10:52  Observer  
  124  11:03  Nexus, Zealot x4  
  132  11:09  Colossus  
  130  11:18  Gateway  
  130  11:20  Gateway  
  130  11:23  Gateway  
  136  11:26  Zealot  
  134  11:49  Zealot  
  134  11:50  Zealot x3  
  134  11:52  Charge  
  134  11:53  Colossus  
  124  12:01  Protoss Ground Weapons Level 3  
  124  12:08  Nexus  
  118  12:12  Pylon  
  114  12:21  Pylon  
  96  12:37  Nexus  
  92  12:45  Gateway  
  92  12:46  Gateway  
  90  12:57  Mothership Core (Chrono Boost)  
  88  13:05  Zealot  
  88  13:06  Zealot x3  
  96  13:23  Pylon  
  88  13:27  Probe (Chrono Boost)  
  88  13:28  Probe (Chrono Boost)  
  88  13:29  Probe (Chrono Boost)  
  92  13:41  Probe (Chrono Boost), Assimilator  
  92  13:44  High Templar x2  
  92  13:45  Assimilator  
  92  13:48  High Templar  
  98  13:52  High Templar x2  
  98  13:54  High Templar  
  104  13:57  Archon  
  104  13:58  Archon x2  
  104  14:06  Probe (Chrono Boost)  
  104  14:09  Probe x2 (Chrono Boost)  
  105  14:11  Probe (Chrono Boost)  
  105  14:16  Probe (Chrono Boost)  
  109  14:19  Probe (Chrono Boost), Photon Cannon  
  109  14:20  Photon Cannon  
  109  14:24  Probe (Chrono Boost)  
  111  14:26  Probe (Chrono Boost)  
  111  14:28  Assimilator  
  111  14:31  Assimilator  
  111  14:33  High Templar x2  
  111  14:34  High Templar x3  
  93  15:01  High Templar  
  58  15:25  Adept x3  
  59  15:38  High Templar  
  59  15:39  High Templar  
  59  15:42  Archon  
  63  15:45  Archon  
  63  15:47  Zealot x2  
  63  15:48  Zealot x2  
  57  16:02  Zealot x2  
  57  16:03  Zealot  
  53  16:07  Archon  
Show
View Real Time Build Order
Export as new Build Order

HoLeeFuk Protoss 

Build Orders:  

Get SALT Encoding   

Show
View Real Time Build Order
Export as new Build Order

Zbrozło Protoss 

Build Orders:  

Get SALT Encoding   

Tags
 
Add a new tag
Caveats
  • Supply blocks, unpowered buildings, or Contaminate may cause inaccurate times.
  • Supply counts are checked every 10 seconds.